 Seeded DCSS version 0.29-a0-459-g97dee8cd24 (webtiles) character file.

Game seed: 696969 (custom seed)

3921 oldmanjim the Fighter (level 10, -5/89 HPs)
             Began as a Formicid Fighter on May 20, 2022.
             Was an Elder of Okawaru.
             Slain by a two-headed ogre
             ... wielding a +0 giant club
              (8 damage)
             ... on level 9 of the Dungeon.
             The game lasted 00:46:00 (9712 turns).

oldmanjim the Fighter (Formicid Fighter)            Turns: 9712, Time: 00:46:01

Health: -5/89      AC: 20    Str: 24    XL:     10   Next: 43%
Magic:  8/13       EV:  4    Int:  9    God:    Okawaru [****..]
Gold:   910        SH:  5    Dex: 16    Spells: 9/9 levels left

rFire   + + .      SeeInvis +   a - +7 glaive (vamp)
rCold   + . .      Faith    .   c - +0 buckler
rNeg    + . .      Spirit   .   F - +1 gold dragon scales
rPois   +          Reflect  .   (helmet unavailable)
rElec   .          Harm     .   (no cloak)
rCorr   .          Rampage  .   (no gloves)
Will    +....                   (no boots)
Stlth   ..........              (no amulet)
HPRegen 0.24/turn               B - +4 ring of protection
MPRegen 0.13/turn               G - ring "Doqaitz" {rPois rF+ rN+ Dex+6 Stlth+}

@: finesse-ful, studying Fighting
A: permanent stasis, dig shafts and tunnels, antennae 3, four strong arms
a: Dig, Shaft Self, Renounce Religion, Heroism, Finesse


You were on level 9 of the Dungeon.
You worshipped Okawaru.
Okawaru was greatly pleased with you.
You visited 2 branches of the dungeon, and saw 10 of its levels.

You collected 910 gold pieces.

Inventory:

Hand Weapons
 a - a +7 vampiric glaive (weapon)
 b - a +0 longbow
 f - a +1 mace of holy wrath
 i - a +0 trident
 E - a +5 mace of freezing
Missiles
 h - 212 stones (quivered)
 l - 2 silver javelins
 m - 6 poisoned darts
 D - a boomerang
Armour
 c - a +0 buckler (worn)
 F - +1 gold dragon scales (worn)
Jewellery
 y - a ring of ice
 B - a +4 ring of protection (left hand)
 G - the ring "Doqaitz" (right hand) {rPois rF+ rN+ Dex+6 Stlth+}
   (You acquired it on level 8 of the Dungeon)

   [ring of dexterity]

   Dex:       It affects your dexterity (+6).
   rF:        It protects you from fire.
   rPois:     It protects you from poison.
   rN:        It protects you from negative energy.
   Stlth:     It makes you more stealthy.
Wands
 g - a wand of iceblast (3)
 k - a wand of digging (9)
 C - a wand of flame (17)
 H - a wand of paralysis (6)
Scrolls
 e - 2 scrolls of immolation
 o - a scroll of enchant armour
 p - a scroll of identify
 q - a scroll of amnesia
 s - a scroll of noise {unknown}
 w - a scroll of vulnerability
 z - a scroll of fog {unknown}
Potions
 d - 3 potions of might
 j - 4 potions of heal wounds
 n - 3 potions of flight
 r - 3 potions of curing
 t - a potion of attraction
 u - a potion of mutation
 v - a potion of brilliance
 x - 3 potions of magic


   Skills:
 + Level 12.1 Fighting
 + Level 9.9 Polearms
 - Level 7.0 Armour
 - Level 5.0 Shields
 - Level 5.0 Invocations


You had 9 spell levels left.
You didn't know any spells.
Your spell library contained the following spells:

 Spells                   Type           Power      Damage    Failure   Level
 Apportation              Tloc           0%         N/A       100%        1
 Foxfire                  Conj/Fire      0%         2x1d4     100%        1
 Conjure Flame            Conj/Fire      0%         6-21      100%        3
 Inner Flame              Hex/Fire       0%         N/A       100%        3
 Flame Wave               Conj/Fire      0%         2d4       100%        4
 Alistair's Intoxication  Tmut/Pois      0%         N/A       100%        5


Dungeon Overview and Level Annotations

Branches:
Dungeon (9/15)             Temple (1/1) D:4
   Lair: D:8-11         Orc: D:9-12

Altars:
Ashenzari
Cheibriados
Dithmenos
Elyvilon
Fedhas
Gozag
Hepliaklqana
Kikubaaqudgha
Makhleb
Okawaru
Qazlal
Ru
Sif Muna
Trog
Uskayaw
Vehumet
Wu Jian
Yredelemnul
Zin
The Shining One

Shops:
D:8 (

Annotations:
D:8 exclusion: 3 oklob plants


Innate Abilities, Weirdness & Mutations

You cannot be hasted, slowed, berserked, paralysed or teleported.
You can dig through walls and to a lower floor.
You have a pair of large antennae on your head. (SInv)
Your four strong arms can wield two-handed weapons with a shield.


Message History

You shoot an arrow. The arrow hits the howler monkey!
The howler monkey is severely wounded.
The howler monkey hoots and howls with incredible vigour!
You hear a shout! x3; You hear two shouts!
You hear a shout! x3
You feel a sense of dread.
a - a +7 vampiric glaive (weapon)
You slice the howler monkey!!
You kill the howler monkey!
Okawaru accepts your kill.
h - 212 stones (gained 23)
You sense a monster nearby.
A two-headed ogre comes into view. It is wielding two +0 giant clubs.
The two-headed ogre shouts in stereo!
You slash the two-headed ogre!
The two-headed ogre is moderately wounded.
The two-headed ogre barely misses you.
The two-headed ogre hits you with a +0 giant club!
You hit the two-headed ogre.
You feel better.
The two-headed ogre is moderately wounded.
The two-headed ogre hits you with a +0 giant club! x2
You slice the two-headed ogre!!
You feel better.
The two-headed ogre is severely wounded.
The two-headed ogre hits you with a +0 giant club!!
The two-headed ogre barely misses you.
You barely miss the two-headed ogre.
The two-headed ogre is severely wounded.
You barely miss the two-headed ogre.
The two-headed ogre is severely wounded.
The two-headed ogre hits you with a +0 giant club.
The two-headed ogre hits you with a +0 giant club!!
You completely miss the two-headed ogre.
The two-headed ogre is severely wounded.
The two-headed ogre hits you with a +0 giant club!
* * * LOW HITPOINT WARNING * * *
You block the two-headed ogre's attack.
You can now deal lightning-fast blows.
The two-headed ogre hits you with a +0 giant club!
* * * LOW HITPOINT WARNING * * *
The two-headed ogre hits you with a +0 giant club!
You die...

... #.#####
###'#.#.....#
#.O...#.....#
+.....#.....#
..........#
##+.......###
+####...#........
.......O#........
.......@#........
........#........
.................
..#####..........
. #....._.#######
#.......#
#.......#
#.....#.#
##.....#.#


You could see a two-headed ogre.

Vanquished Creatures
  A hornet (D:7)
  Prince Ribbit (D:8)
  Sigmund (D:2)
  3 steam dragons
  An acid dragon (D:8)
  2 water moccasins
  An orc warrior (D:8)
  An ice beast (D:5)
  A sky beast (D:8)
  An ogre (D:3)
  A phantom (D:7)
  Blork the orc (D:6)
  3 necrophages
  2 bullfrogs
  5 scorpions
  11 wights
  A howler monkey (D:9)
  2 hounds (D:5)
  3 jellies
  3 gnoll shamans
  An orc priest (D:8)
  5 iguanas
  Natasha (thrice) (D:2)
  2 orc wizards (D:8)
  18 gnolls
  8 adders
  A shadow imp (D:6)
  2 white imps
  A worm (D:4)
  A dart slug (D:1)
  19 orcs
  5 bats
  12 endoplasms
  6 giant cockroaches
  13 goblins
  2 hobgoblins
  7 jackals
  11 kobolds
  4 quokkas
  8 ball pythons
  4 frilled lizards
  5 rats
183 creatures vanquished.

Vanquished Creatures (others)
  A gnoll shaman (D:7)
  2 orcs (D:7)
3 creatures vanquished.

Grand Total: 186 creatures vanquished

Notes
Turn   | Place    | Note
-------+----------+-------------------------------------------
     0 | D:1      | oldmanjim the Formicid Fighter began the quest for the Orb.
     0 | D:1      | Reached XP level 1. HP: 18/18 MP: 1/1
    69 | D:1      | Reached XP level 2. HP: 23/24 MP: 2/2
    75 | D:1      | You fall into a shaft and drop 1 floor!
   495 | D:1      | Identified 3 scrolls of acquirement
   495 | D:1      | Acquired 632 gold pieces
   496 | D:1      | Acquired a manual of Fighting
   497 | D:1      | Acquired a +6 vampiric glaive
   601 | D:2      | Reached XP level 3. HP: 30/30 MP: 3/3
   667 | D:3      | Reached skill level 4 in Fighting
   674 | D:3      | Found an iron altar of Okawaru.
   690 | D:3      | Became a worshipper of Warmaster Okawaru
   703 | D:3      | Reached skill level 5 in Shields
   703 | D:3      | Reached XP level 4. HP: 38/38 MP: 4/4
   986 | D:1      | Reached skill level 5 in Fighting
  1414 | D:2      | Reached XP level 5. HP: 43/44 MP: 5/5
  1418 | D:2      | Noticed Sigmund
  1421 | D:2      | Killed Sigmund
  1422 | D:2      | Reached skill level 6 in Fighting
  1422 | D:2      | Reached XP level 6. HP: 50/53 MP: 6/6
  1577 | D:2      | Noticed Natasha
  1582 | D:2      | Killed Natasha
  1744 | D:2      | Noticed Natasha
  1751 | D:2      | Killed Natasha
  2437 | D:2      | Noticed Natasha
  2443 | D:2      | Killed Natasha
  3055 | D:3      | Noticed an ogre
  3085 | D:3      | Killed an ogre
  3085 | D:3      | Reached * piety under Okawaru
  3086 | D:3      | Reached skill level 7 in Fighting
  3086 | D:3      | Reached skill level 5 in Armour
  3086 | D:3      | Reached XP level 7. HP: 48/60 MP: 7/7
  3212 | D:3      | Found a faded altar of an unknown god.
  3484 | D:4      | Reached skill level 1 in Invocations
  3756 | D:4      | Found a staircase to the Ecumenical Temple.
  3762 | Temple   | Entered the Ecumenical Temple
  4176 | D:5      | Entered Level 5 of the Dungeon
  4260 | D:5      | Reached skill level 8 in Fighting
  4263 | D:5      | Reached XP level 8. HP: 51/68 MP: 9/9
  4496 | D:5      | Reached ** piety under Okawaru
  4497 | D:5      | Reached skill level 5 in Polearms
  4848 | D:5      | Reached skill level 9 in Fighting
  4872 | D:5      | Found a blossoming altar of Fedhas.
  6007 | D:6      | Found a snail-covered altar of Cheibriados.
  6059 | D:6      | Found a basalt altar of Yredelemnul.
  6269 | D:6      | Noticed Blork the orc
  6274 | D:6      | Killed Blork the orc
  6274 | D:6      | Reached *** piety under Okawaru
  6275 | D:6      | Reached skill level 10 in Fighting
  6275 | D:6      | Reached skill level 5 in Invocations
  6563 | D:7      | Noticed a hornet
  6567 | D:7      | Killed a hornet
  6568 | D:7      | Reached XP level 9. HP: 72/79 MP: 12/12
  6786 | D:7      | Reached skill level 11 in Fighting
  7733 | D:8      | Noticed Prince Ribbit
  7760 | D:8      | Killed Prince Ribbit
  7760 | D:8      | Reached **** piety under Okawaru
  7761 | D:8      | Reached XP level 10. HP: 75/88 MP: 13/13
  8804 | D:8      | Reached skill level 12 in Fighting
  8823 | D:8      | Found a white marble altar of Elyvilon.
  9196 | D:8      | Acquired the ring "Doqaitz" {rPois rF+ rN+ Dex+6 Stlth+}
  9210 | D:8      | Found Guptilun's Weapon Boutique.
  9229 | D:8      | Noticed an oklob plant
  9331 | D:8      | Noticed an oklob plant
  9331 | D:8      | Noticed an oklob plant
  9682 | D:9      | Found a glowing golden altar of the Shining One.
  9699 | D:9      | Noticed a two-headed ogre
  9712 | D:9      | HP: 3/89 [two-headed ogre/+0 giant club (14)]
  9712 | D:9      | Slain by a two-headed ogre

Illustrated notes

Levels and vault maps discovered:
D:1:      minmay_arrival_stair_chambers, layout_basic
D:2:      minmay_recursive_quarters, layout_basic, skrybe_limestone_x,
          uniq_sigmund, uniq_natasha
D:3:      layout_basic, mainiacjoe_overflow_concentric_impassable,
          ebering_ecumenical_altar_sacrificial, columned_hall_lemuel
D:4:      layout_loops_cross, minmay_temple_entry_hall, lightli_corner_chamber
D:5:      layout_basic, lemuel_crystal_altar
D:6:      layout_gridville, mainiacjoe_overflow_big_doors, solitary_fountain,
          roderic_serpentine_path, hangedman_decor_diamond_cutter,
          uniq_blork_the_orc
D:7:      layout_loops_ring
D:8:      layout_basic, mainiacjoe_overflow_surrounded_room, serial_shops,
          nicolae_shop_bloodbath_and_beyond, disabler_island,
          uniq_prince_ribbit1
D:9:      layout_gridville, mainiacjoe_overflow_boulevard,
          nemelex_xobeh_ov_fountains_minmay
Temple:   eino_temple_water

Skill      XL: |  1  2  3  4  5  6  7  8  9 10 |
---------------+-------------------------------+-----
Fighting       | 4 5 6 7 8 10 11 12 | 12.1
Shields        | 5 |  5.0
Polearms       | 3 4 6 9 |  9.9
Armour         | 4 5 7 |  7.0
Invocations    | 2 5 |  5.0

Action                   |  1- 3 |  4- 6 |  7- 9 | 10-12 || total
-------------------------+-------+-------+-------+-------++-------
Melee: Trident           |    59 |       |       |       ||    59
       Glaive            |    21 |    90 |   210 |    98 ||   419
 Fire: Longbow           |       |       |     6 |    20 ||    26
Throw: Stone             |       |       |     9 |     4 ||    13
Invok: Heroism           |       |       |       |     1 ||     1
       Finesse           |       |       |       |     1 ||     1
  Use: Scroll            |     3 |       |    14 |     6 ||    23
Armor: Scale mail        |     5 |       |       |       ||     5
       Gold dragon scale |    47 |    54 |   123 |    67 ||   291
Dodge: Dodged            |     8 |    10 |    18 |    27 ||    63
Block: Buckler           |    13 |    18 |    52 |    28 ||   111

Table legend: (Time is in decaauts)
 A = Elapsed time spent in this place.
 B = Non-inter-level travel time spent in this place.
 C = Inter-level travel time spent in this place.
 D = Time resting spent in this place.
 E = Time spent auto-exploring this place.
 F = Levels seen in this place.
 G = Mean time per level.
                   A        B        C        D        E       F      G
               +--------+--------+--------+--------+--------+-----+--------+
         Total |   9934 |   9550 |    384 |   1764 |   5929 |  10 |  993.4 |
       Dungeon |   9744 |   9371 |    373 |   1764 |   5763 |   9 | 1082.7 |
        Temple |    189 |    178 |     11 |      0 |    166 |   1 |  189.0 |
               +--------+--------+--------+--------+--------+-----+--------+

Top non-repeatable levels by time:
     D:2: 2054 daAuts
     D:7: 1884 daAuts
     D:5: 1424 daAuts
     D:8: 1327 daAuts
     D:6: 978 daAuts
     D:3: 684 daAuts
     D:1: 674 daAuts
     D:4: 674 daAuts
  Temple: 189 daAuts
     D:9: 41 daAuts
